 Dungeon Crawl Stone Soup version 0.19.1-1-g22dce08 (webtiles) character file.

4601 Gorglomux the Severer (level 10, -2/141 HPs)
             Began as a Hill Orc Berserker on Dec 31, 2016.
             Was a High Priest of Trog.
             Slain by a slave (4 damage)
             ... led by Pikel
             ... while paralysed by Pikel
             ... on level 8 of the Dungeon.
             The game lasted 00:21:04 (9799 turns).

Gorglomux the Severer (Hill Orc Berserker)          Turns: 9799, Time: 00:21:05

Health: -2/141     AC:  9    Str: 30    XL:     10   Next: 42%
Magic:  10/10      EV:  2    Int:  7    God:    Trog [*****.]
Gold:   635        SH:  0    Dex: 11    Spells: 0 memorised, 9 levels left

rFire  . . .     SeeInvis .     l - +2 battleaxe (chop)
rCold  . . .     Gourm    .     j - +0 ring mail
rNeg   . . .     Faith    .     (shield currently unavailable)
rPois  +         Spirit   .     m - +0 helmet
rElec  .         Reflect  .     n - +0 cloak
rCorr  .         Harm     .     (no gloves)
MR     .....                    e - +1 pair of boots
Stlth  ..........               (no amulet)
                                D - ring of poison resistance
                                B - +2 ring of strength

@: paralysed, berserking
A: no striking features
a: Berserk, Trog's Hand, Brothers in Arms, Burn Spellbooks, Renounce Religion


You were on level 8 of the Dungeon.
You worshipped Trog.
Trog was extremely pleased with you.
You were hungry.

You visited 1 branch of the dungeon, and saw 8 of its levels.
You also visited: Ossuary.

You collected 635 gold pieces.

Inventory:

Hand Weapons
 a - a +0 war axe
 l - a +2 battleaxe of chopping (weapon)
Armour
 e - a +1 pair of boots (worn)
 j - a +0 ring mail (worn)
 m - a +0 helmet (worn)
 n - a +0 cloak (worn)
Rods
 b - a +1 rod of inaccuracy (15/15)
   (You found it on level 4 of the Dungeon)
Jewellery
 B - a +2 ring of strength (left hand)
 D - a ring of poison resistance (right hand)
 F - an uncursed ring of positive energy
Wands
 v - a wand of lightning (5/15)
 I - a wand of iceblast (5/15)
Scrolls
 d - a scroll of noise {unknown}
 f - 2 scrolls of teleportation
 h - 2 scrolls of amnesia {unknown}
 i - 6 scrolls of remove curse
 o - a scroll of random uselessness {unknown}
 q - a scroll of fear {unknown}
 s - a scroll of recharging
 x - a scroll of blinking {unknown}
 y - 2 scrolls of enchant armour
 z - 2 scrolls of enchant weapon {unknown}
Potions
 g - 4 potions of flight
 p - 2 potions of might
 t - 3 potions of berserk rage
 u - 5 potions of haste
 w - a potion of brilliance {unknown}
 A - 7 potions of curing
 C - 4 potions of heal wounds
 E - 2 potions of cancellation {unknown}
 G - a potion of resistance {unknown}
 H - a potion of magic {unknown}
Comestibles
 c - 5 bread rations
 k - 14 chunks of flesh
 r - 4 meat rations


   Skills:
 + Level 10.8 Fighting
 * Level 15.4 Axes
 - Level 2.1 Armour
 - Level 1.5 Dodging


You had 9 spell levels left.
You didn't know any spells.

Dungeon Overview and Level Annotations

Branches:
Dungeon (8/15)             Temple (0/1) D:4            Lair (0/6) D:8

Altars:
Cheibriados
Dithmenos
Elyvilon
Gozag
Okawaru
Trog
Uskayaw
Vehumet

Shops:
D:6 (

Annotations:
D:8 Pikel


Message History

You suddenly lose the ability to move!
It is a wand of paralysis.
The howler monkey hoots and howls with incredible vigour!
The slave hits you.
* * * LOW HITPOINT WARNING * * *
The slave hits you.
* * * LOW HITPOINT WARNING * * *
Pikel hits you with a whip of electrocution.
* * * LOW HITPOINT WARNING * * *
You are electrocuted!
* * * LOW HITPOINT WARNING * * *
You hear an angry hiss.
You hear a loud, deep croak!
The howler monkey hits you but does no damage.
The slave hits you.
* * * LOW HITPOINT WARNING * * *
The slave hits you but does no damage. Pikel hits you but does no damage.
The howler monkey hits you but does no damage.
The slave hits you but does no damage. x2; Pikel hits you but does no damage.
The howler monkey hits you but does no damage.
The slave hits you but does no damage. The slave hits you.
You die...

..#>.#P...P.#
.P#..#P.....#
P.##'#P.P..##
....)..P...##
...รท..P.....### ######
.P.PP.....#>..####......
..P.P.P..###...#........
.....P.### ###...[......
....#### #..@p.$....
...... #.Khp......
....... #........<.
#...... #..........
##......... ##........
##....... ####...


You could see Pikel, 2 slaves and a howler monkey.

Vanquished Creatures
  A hill giant (D:8)
  A two-headed ogre (D:8)
  A yak (D:8)
  A water moccasin (D:5)
  2 slaves (D:8)
  A necrophage (D:5)
  2 ice beasts
  An orc warrior (D:8)
  A sky beast (D:5)
  A black bear (D:8)
  4 ogres
  2 centaurs
  2 crocodiles (D:8)
  2 bullfrogs
  4 water moccasin zombies (Ossuary)
  A scorpion (D:6)
  5 killer bees (D:7)
  8 wights
  2 electric eels (D:7)
  A bullfrog zombie (D:5)
  3 crimson imps
  2 bullfrog skeletons
  A jelly (D:7)
  3 orc priests
  4 hounds
  A centaur skeleton (D:6)
  A gnoll shaman (D:4)
  4 iguanas
  7 orc wizards
  5 worker ants
  A killer bee zombie (D:7)
  3 big kobold zombies (Ossuary)
  A hound zombie (D:5)
  2 mummies (Ossuary)
  A worker ant zombie (D:6)
  14 gnolls
  3 river rats (D:8)
  10 adders
  4 shadow imps
  5 oozes
  5 adder zombies
  An adder skeleton (D:4)
  7 worms
  A dart slug (D:3)
  3 leopard geckos
  12 orcs
  3 ball pythons
  4 giant cockroaches
  7 goblins
  8 hobgoblins
  4 jackals
  7 kobolds
  6 quokkas
  13 bats
  4 frilled lizards
  2 gnoll zombies (Ossuary)
  5 hobgoblin zombies (Ossuary)
  A jackal skeleton (D:4)
  6 kobold zombies (Ossuary)
  3 orc zombies (Ossuary)
  A quokka skeleton (D:4)
  A quokka zombie (D:7)
  20 rats
  2 fungi (D:8)
  2 plants (D:3)
246 creatures vanquished.

Vanquished Creatures (others)
  A fungus (D:8)
  A plant (D:3)
2 creatures vanquished.

Grand Total: 248 creatures vanquished

Notes
Turn   | Place    | Note
-------+----------+-------------------------------------------
     0 | D:1      | Gorglomux the Hill Orc Berserker began the quest for the Orb.
     0 | D:1      | Reached XP level 1. HP: 19/19 MP: 1/1
    68 | D:1      | Reached XP level 2. HP: 18/27 MP: 2/2
   423 | D:1      | Reached skill level 5 in Axes
   678 | D:1      | Reached XP level 3. HP: 32/33 MP: 3/3
   894 | D:2      | Found an iron altar of Okawaru.
  1072 | D:2      | Reached ** piety under Trog
  1333 | D:2      | Reached XP level 4. HP: 21/40 MP: 4/4
  1407 | D:2      | Reached skill level 6 in Axes
  1819 | D:2      | Reached XP level 5. HP: 47/47 MP: 5/5
  1919 | D:3      | Reached skill level 5 in Fighting
  1919 | D:3      | Reached skill level 7 in Axes
  2015 | D:3      | Found a snail-covered altar of Cheibriados.
  2100 | D:3      | Reached XP level 6. HP: 29/56 MP: 6/6
  2435 | D:3      | Reached *** piety under Trog
  2791 | D:3      | Reached skill level 8 in Axes
  3188 | D:4      | Reached XP level 7. HP: 50/63 MP: 7/7
  3426 | D:4      | Reached skill level 9 in Axes
  3517 | D:4      | Found a staircase to the Ecumenical Temple.
  4261 | D:5      | Entered Level 5 of the Dungeon
  4287 | D:5      | Reached skill level 10 in Axes
  4287 | D:5      | Reached XP level 8. HP: 30/73 MP: 8/8
  4291 | D:5      | Found a hide-covered altar of Uskayaw.
  4743 | D:4      | Identified a +0 rod of inaccuracy (14/14) (You found it on level 4 of the Dungeon)
  4791 | D:5      | Received a gift from Trog
  4796 | D:5      | Reached skill level 11 in Axes
  5127 | D:5      | Found a shadowy altar of Dithmenos.
  5391 | D:5      | Reached skill level 12 in Axes
  5617 | D:5      | Reached XP level 9. HP: 58/82 MP: 9/9
  6098 | D:6      | Reached **** piety under Trog
  6132 | D:6      | Noticed a moth of wrath
  6136 | D:6      | Found a bloodstained altar of Trog.
  6280 | D:6      | Found a sand-covered staircase.
  6289 | Ossuary  | Entered an ossuary
  6582 | Ossuary  | Reached skill level 13 in Axes
  6638 | Ossuary  | Reached ***** piety under Trog
  6891 | D:6      | Found Tuofuvam's Antique Weapon Emporium.
  7122 | D:6      | Found a bloodstained altar of Trog.
  7204 | D:6      | Found a radiant altar of Vehumet.
  8112 | D:7      | Reached skill level 14 in Axes
  8154 | D:7      | Reached skill level 10 in Fighting
  8646 | D:7      | Found a white marble altar of Elyvilon.
  8655 | D:7      | Reached XP level 10. HP: 93/93 MP: 10/10
  9065 | D:7      | Found an opulent altar of Gozag.
  9232 | D:8      | Noticed a hill giant
  9245 | D:8      | Killed a hill giant
  9245 | D:8      | Reached skill level 15 in Axes
  9554 | D:8      | Received a gift from Trog
  9775 | D:8      | Found a staircase to the Lair.
  9786 | D:8      | Noticed Pikel
  9795 | D:8      | Paralysed by Pikel for 5 turns
  9796 | D:8      | HP: 7/141 [Pikel/whip of electrocution (19)]
  9797 | D:8      | HP: 1/141 [slave[Pikel] (6)]
  9799 | D:8      | Slain by a slave

Skill      XL: |  1  2  3  4  5  6  7  8  9 10 |
---------------+-------------------------------+-----
Axes           | 5 6 7 8 10 12 14 15 | 15.4
Fighting       | 4 5 6 7 8 10 | 10.8
Armour         | |  2.1
Dodging        | |  1.5

Action                   |  1- 3 |  4- 6 |  7- 9 | 10-12 || total
-------------------------+-------+-------+-------+-------++-------
Melee: Hand axe          |   133 |   269 |   636 |       ||  1038
       War axe           |       |       |    42 |    96 ||   138
       Battleaxe         |       |       |       |    15 ||    15
Invok: Berserk           |       |     4 |     4 |     1 ||     9
       Trog's Hand       |       |     1 |       |       ||     1
Evoke: Rod               |       |       |     9 |       ||     9
       Wand              |       |       |    20 |       ||    20
  Use: Scroll            |       |       |    12 |       ||    12
 Stab: Sleeping          |       |     4 |       |       ||     4
       Distracted        |       |     1 |       |       ||     1
  Eat: Chunk             |     1 |    10 |    16 |     5 ||    32
       Royal jelly       |       |       |     2 |       ||     2
       Beef jerky        |       |       |     2 |       ||     2
Armor: Animal skin       |     9 |       |       |       ||     9
       Ring mail         |    34 |    65 |   178 |    45 ||   322
Dodge: Dodged            |    85 |   110 |   240 |    62 ||   497
